 Dungeon Crawl Stone Soup version 0.16-a0-3187-geb38783 (webtiles) character file.

453 PolkaDot the Caller (level 6, -15/47 HPs)
             Began as a Vampire Summoner on Dec 17, 2014.
             Demolished by an ogre
             ... wielding a cursed +0 giant club
              (19 damage)
             ... on level 4 of the Dungeon.
             The game lasted 00:15:04 (4371 turns).

PolkaDot the Caller (Vampire Summoner)              Turns: 4371, Time: 00:15:04

Health: -15/47     AC:  3    Str:  7    XL:     6   Next: 75%
Magic:  7/13       EV: 14    Int: 19    God:
Gold:   110        SH:  0    Dex: 14    Spells: 4 memorised, 2 levels left

rFire  . . .     SeeInvis +     k - +0 trident
rCold  . . .     Clarity  .     a - +0 robe
rNeg   . . .     SustAb   .     (no shield)
rPois  .         Gourm    .     e - +0 helmet
rElec  .         Spirit   .     (no cloak)
rCorr  .         Warding  .     (no gloves)
rMut   .         Stasis   .     (no boots)
MR     .....                    (no amulet)
Stlth  ++........               (no ring)
                                (no ring)

@: regenerating quickly, not resistant to hostile enchantments, unstealthy
A: bottle blood, fangs 3, see invisible, unbreathing
a: no special abilities


You were on level 4 of the Dungeon.
You were very full.

You visited 1 branch of the dungeon, and saw 4 of its levels.

You collected 110 gold pieces.

Inventory:

Hand weapons
 k - a +0 trident (weapon)
Armour
 a - a +0 robe (worn)
 e - a +0 helmet (worn)
Scrolls
 d - 3 scrolls of immolation
 f - 7 scrolls of identify {unknown}
 l - a scroll of random uselessness {unknown}
 m - a scroll of teleportation {unknown}
 r - 2 scrolls of remove curse
 s - 2 scrolls of enchant armour {unknown}
Potions
 c - 14 potions of blood {@*1}
 g - a potion of heal wounds
 h - a potion of mutation {unknown}
 j - a potion of beneficial mutation {unknown}
 n - a potion of cancellation {unknown}
 o - a potion of brilliance {unknown}
 p - a potion of curing {unknown}
 q - a potion of restore abilities
Books
 b - a book of Callings

   Spells                             Type                      Level
   a - Summon Small Mammal            Summoning                    1
   b - Call Imp                       Summoning                    2
   c - Call Canine Familiar           Summoning                    3
   d - Summon Guardian Golem          Hexes/Summoning              4
   e - Summon Lightning Spire         Summoning/Air                4
   f - Summon Ice Beast               Ice/Summoning                4


   Skills:
 - Level 3.1 Fighting
 * Level 1.6 Polearms
 + Level 4.4 Dodging
 - Level 3.0 Stealth
 - Level 3.6 Spellcasting
 + Level 4.7 Summonings


You had 2 spell levels left.
You knew the following spells:

 Your Spells              Type           Power        Failure   Level  Hunger
d - Call Canine Familiar  Summ           ###.....     8%          3    ###....
i - Summon Ice Beast      Ice/Summ       ##......     63%         4    ####...
s - Call Imp              Summ           ###.....     3%          2    ##.....
z - Summon Small Mammal   Summ           ###.         1%          1    None


Dungeon Overview and Level Annotations

Branches:
Dungeon (4/15)
 Temple: D:4-7

Altars:
Kikubaaqudgha
Yredelemnul


Innate Abilities, Weirdness & Mutations

Your natural rate of healing is unusually fast.
You can bottle blood from corpses.
You have razor-sharp teeth.
You have supernaturally acute eyesight.
You can survive without breathing.


Message History

Confirm with . or Enter, or press ? or * to list all spells.
The ogre hits your hound with a giant club!
Your hound dies!
Your hound's corpse disappears in a puff of smoke!
Casting: Call Canine Familiar
Confirm with . or Enter, or press ? or * to list all spells.
You hit the ogre.
The ogre is moderately wounded.
The ogre hits you with a giant club!!
* * * LOW HITPOINT WARNING * * *
You puncture the ogre!
The ogre is severely wounded.
Your hound barely misses the ogre.
Your hound bites the ogre.
The ogre hits you with a giant club!!
* * * LOW HITPOINT WARNING * * *
Your hound closely misses the ogre.
Your hound bites the ogre.
You closely miss the ogre.
The ogre is almost dead.
Your hound barely misses the ogre.
The ogre hits you with a giant club!!
You die...

..)...#######.........#
###.### ##.#..##### #.#
#.#..# ###.#
######.#..# .##.#
#......#..# .##.#
##.######..#
.##.####...#####h.#
.##.............O.#
.#######...#..<.@##
........#.##.#####
..#####.#.##.# ....#
#.#.##.# ..#.# #.#.##.#
.##.# #.#.##.# .##.#
#.#.##.# .##.###.#.##.#
.............#


You could see an ogre and a friendly hound.

Vanquished Creatures
  An ogre (D:3)
  A hound (D:4)
  2 adders
  3 gnolls (D:4)
  A worm (D:4)
  2 oozes (D:1)
  5 orcs
  3 ball pythons
  7 bats
  6 giant cockroaches
  12 goblins
  5 hobgoblins
  A quokka (D:2)
  2 giant geckos
  5 giant newts
  5 jackals
  13 kobolds
  7 rats
81 creatures vanquished.

Vanquished Creatures (collateral kills)
  Prince Ribbit (D:4)
  An ogre (D:4)
  Ijyb (D:3)
  5 gnolls
  3 adders (D:2)
  6 orcs
  2 giant cockroaches
  A goblin (D:3)
  3 hobgoblins
  2 jackals (D:1)
  4 kobolds
  2 rats (D:1)
31 creatures vanquished.

Vanquished Creatures (others)
  3 crimson imps (D:4)
  5 hounds (D:4)
  A shadow imp (D:4)
  3 white imps (D:4)
  A bat (D:1)
13 creatures vanquished.

Grand Total: 125 creatures vanquished

Notes
Turn   | Place    | Note
--------------------------------------------------------------
     0 | D:1      | PolkaDot, the Vampire Summoner, began the quest for the Orb.
     0 | D:1      | Reached XP level 1. HP: 13/13 MP: 3/3
   389 | D:1      | Reached skill level 1 in Fighting
   457 | D:1      | Reached XP level 2. HP: 12/21 MP: 0/4
   633 | D:1      | Learned a level 2 spell: Call Imp
  1080 | D:1      | Reached XP level 3. HP: 26/26 MP: 6/6
  1085 | D:1      | Learned a level 3 spell: Call Canine Familiar
  1740 | D:2      | Reached XP level 4. HP: 33/33 MP: 1/8
  2206 | D:2      | Found a basalt altar of Yredelemnul.
  2695 | D:3      | Noticed an ogre
  2712 | D:3      | Killed an ogre
  2712 | D:3      | Reached XP level 5. HP: 40/40 MP: 0/11
  2917 | D:3      | Found an ancient bone altar of Kikubaaqudgha.
  3066 | D:3      | Noticed Ijyb
  3115 | D:3      | Killed Ijyb
  3550 | D:3      | Learned a level 4 spell: Summon Ice Beast
  3702 | D:4      | Noticed an ogre
  3732 | D:4      | Killed an ogre
  3732 | D:4      | Reached XP level 6. HP: 18/47 MP: 1/13
  3842 | D:4      | Noticed Prince Ribbit
  3966 | D:4      | Killed Prince Ribbit
  3966 | D:4      | Reached skill level 1 in Polearms
  4352 | D:4      | Noticed an ogre
  4371 | D:4      | Demolished by an ogre

Action                   |  1- 3 |  4- 6 || total
-------------------------+-------+-------++-------
Melee: Dagger            |   154 |       ||   154
       Unarmed           |     6 |       ||     6
       Spear             |    10 |   274 ||   284
       Trident           |       |     3 ||     3
 Cast: Summon Small Mamm |     6 |     1 ||     7
       Call Imp          |    11 |    25 ||    36
       Call Canine Famil |     1 |    16 ||    17
  Use: Potion            |       |    20 ||    20
       Scroll            |       |     4 ||     4
 Stab: Sleeping          |     4 |     8 ||    12
       Distracted        |       |     2 ||     2
  Eat: Corpse            |    14 |     1 ||    15
